 Dungeon Crawl Stone Soup version 0.19.1-1-g22dce08 (webtiles) character file.

64 Lahna the Slasher (level 4, 0/30 HPs)
             Began as a Halfling Fighter on Jan 18, 2017.
             Was an Initiate of Nemelex Xobeh.
             Slain by an orc
             ... wielding a +0 club
              (3 damage)
             ... on level 3 of the Dungeon.
             The game lasted 00:02:40 (1603 turns).

Lahna the Slasher (Halfling Fighter)                Turns: 1603, Time: 00:02:41

Health: 0/30       AC:  6    Str: 22    XL:     4   Next: 32%
Magic:  4/4        EV:  9    Int:  6    God:    Nemelex Xobeh [......]
Gold:   109        SH: 10    Dex: 14    Spells: 0 memorised, 3 levels left

rFire  . . .     SeeInvis .     a - +0 long sword
rCold  . . .     Gourm    .     b - +0 scale mail
rNeg   . . .     Faith    .     c - +0 shield
rPois  .         Spirit   .     (no helmet)
rElec  .         Reflect  .     (no cloak)
rCorr  .         Harm     .     (no gloves)
MR     .....                    (no boots)
Stlth  ..........               (no amulet)
                                (no ring)
                                (no ring)

@: mighty
A: mutation resistance 1
a: Renounce Religion


You were on level 3 of the Dungeon.
You worshipped Nemelex Xobeh.
Nemelex Xobeh was noncommittal.
You were not hungry.

You visited 1 branch of the dungeon, and saw 3 of its levels.

You collected 109 gold pieces.

Inventory:

Hand Weapons
 a - a +0 long sword (weapon)
Armour
 b - a +0 scale mail (worn)
 c - a +0 shield (worn)
Scrolls
 g - 2 scrolls of identify {unknown}
 i - a scroll of immolation {unknown}
 l - 2 scrolls of remove curse {unknown}
 o - 2 scrolls of recharging {unknown}
 p - a scroll of enchant armour {unknown}
Potions
 d - a potion of might
 e - 5 potions of curing {unknown}
 h - a potion of cure mutation {unknown}
 j - a potion of heal wounds {unknown}
 k - a potion of invisibility {unknown}
 n - 2 potions of resistance {unknown}
 q - a potion of haste {unknown}
 r - a potion of lignification {unknown}
 t - a potion of agility {unknown}
Comestibles
 f - 2 bread rations
 m - 2 meat rations
 s - a beef jerky
 u - a chunk of flesh


   Skills:
 - Level 2.6 Fighting
 + Level 4.2 Long Blades
 - Level 3.2 Armour
 - Level 3.2 Shields


You had 3 spell levels left.
You didn't know any spells.

Dungeon Overview and Level Annotations

Branches:
Dungeon (3/15)

Altars:
Nemelex Xobeh

Annotations:
D:3 Jessica


Innate Abilities, Weirdness & Mutations

You are small and have problems with some larger weapons.
You are somewhat resistant to further mutation.


Message History

You closely miss Jessica.
Jessica is moderately wounded.
The hobgoblin hits you but does no damage.
Jessica mumbles some strange words.
Jessica blinks!
The orc closely misses you.
You riposte.
You slash the orc!
You kill the orc!
You block the orc's attack.
The hobgoblin hits you but does no damage.
Jessica mumbles some strange words.
The hobgoblin hits you with a club.
* * * LOW HITPOINT WARNING * * *
You see here a short sword.
Your shield prevents you from hitting Jessica.
Jessica is moderately wounded.
Jessica hits you.
* * * LOW HITPOINT WARNING * * *
You block the orc's attack. Jessica hits you but does no damage.
You block the hobgoblin's attack. The orc hits you with a club.
You die...
Your body disappears without a glow.

.. #. #.## ..#
#.# #.##
########g.#######
#.....@@o†.......
#.!......########
#..........
#......(.###
########.. ####


You could see Jessica, an orc and a hobgoblin.

Vanquished Creatures
  3 adders (D:2)
  2 worms (D:2)
  A dart slug (D:1)
  2 orcs (D:3)
  5 bats
  3 goblins
  2 hobgoblins
  2 jackals (D:2)
  2 kobolds
  2 quokkas
  A frilled lizard (D:2)
  A rat (D:1)
26 creatures vanquished.

Notes
Turn   | Place    | Note
-------+----------+-------------------------------------------
     0 | D:1      | Lahna the Halfling Fighter began the quest for the Orb.
     0 | D:1      | Reached XP level 1. HP: 15/15 MP: 1/1
   520 | D:1      | Reached XP level 2. HP: 20/20 MP: 2/2
   598 | D:1      | Reached skill level 3 in Long Blades
   793 | D:2      | Reached XP level 3. HP: 22/25 MP: 3/3
  1380 | D:2      | Reached skill level 4 in Long Blades
  1380 | D:2      | Reached XP level 4. HP: 27/30 MP: 4/4
  1470 | D:2      | Found a sparkling altar of Nemelex Xobeh.
  1479 | D:2      | Became a worshipper of Nemelex Xobeh the Trickster
  1587 | D:3      | Noticed Jessica
  1603 | D:3      | Slain by an orc

Skill      XL: |  1  2  3 |
---------------+----------+-----
Long Blades    | 3 4 |  4.2
Fighting       | |  2.6
Armour         | |  3.2
Shields        | |  3.2

Action                   |  1- 3 |  4- 6 || total
-------------------------+-------+-------++-------
Melee: Long sword        |    95 |    15 ||   110
  Use: Potion            |       |     1 ||     1
  Eat: Chunk             |     1 |     1 ||     2
Armor: Scale mail        |    35 |    15 ||    50
Dodge: Dodged            |    35 |    12 ||    47
Block: Shield            |    52 |    14 ||    66
       Rpst.: Long sword |    11 |     6 ||    17
